[Event "Titled Tuesday Blitz December 06 Late 2022"]
[White "Alimpic, Aleksa"]
[Black "monkins"]
[WhiteFideId "974323"]
[WhiteElo "2283"]
[BlackElo "2225"]
[Result "0-1"]
[Round "06"]
[TimeControl "180+1"]
[Date "2022.12.07"]
[WhiteClock "0:00:03"]
[BlackClock "0:00:06"]

1. d4 Nf6 2. Nf3 c5 3. e3 g6 4. b3 Bg7 5. Bb2 O-O 6. Be2 d6 7. O-O Nbd7 8. c4 a6 9. Nc3 Rb8 10. Qc2 Qa5 11. Rfd1 b5 12. cxb5 axb5 13. Bxb5 Rxb5 14. Nxb5 Qxb5 15. a4 Qa6 16. Nd2 Bb7 17. Nc4 Rc8 18. Qb1 Qc6 19. f3 Ba8 20. a5 Qb5 21. Ra3 h5 22. Qa2 h4 23. h3 Nd5 24. a6 Bh6 25. Ra5 Qc6 26. Kf2 Nb4 27. Qb1 Nb6 28. Na3 N6d5 29. e4 Nf4 30. d5 Qb6 31. Nc4 Qc7 32. a7 Nh5 33. Kg1 Ng3 34. Kh2 Bf4 35. Kg1 Nh5 36. Bc1 Be5 37. Bb2 Bg3 38. Bc3 Nf4 39. Qb2 Nbd3 40. Qa1 Ne2+ 41. Kh1 Nxc3 42. Qxc3 Ne5 43. Qb2 Nxc4 44. bxc4 Qxa5 45. Qb8 Qc7 46. Rb1 Kg7 47. Qb5 e6 48. Qb2+ Be5 49. Qa2 exd5 50. cxd5 Qe7 51. Rc1 Qf6 52. Rb1 Qf4 53. Kg1 Bd4+ 54. Kf1 Qh2 55. Rb8 Qg1+ 56. Ke2 Qxg2+ 57. Kd3 Qxa2 58. Rxc8 Qa6+ 59. Kd2 Qxc8 60. Ke2 Qa6+ 61. Kd1 Qxa7 62. f4 Qa2 63. e5 Be3 64. Ke1 Qd2+ 65. Kf1 Qf2# 0-1


[Site "https://www.chess.com"]

[Event "Titled Tuesday Blitz December 06 Late 2022"]
[White "Andreikin, Dmitry"]
[Black "Xiong, Jeffery"]
[WhiteFideId "4158814"]
[BlackFideId "2047640"]
[WhiteElo "2735"]
[BlackElo "2726"]
[Result "1-0"]
[Round "06"]
[TimeControl "180+1"]
[Date "2022.12.06"]
[WhiteClock "0:00:06"]
[BlackClock "0:00:09"]

1. Nf3 d5 2. g3 Nc6 3. d4 Bf5 4. Bg2 Nb4 5. Na3 e6 6. O-O h6 7. c3 Nc6 8. Nc2 Nf6 9. b3 Be7 10. Bb2 O-O 11. Nce1 a5 12. a4 Ne4 13. Nd3 Bh7 14. Rc1 Nb8 15. Nd2 Nxd2 16. Qxd2 Na6 17. c4 c6 18. Rfd1 Qb6 19. Qc3 Rfd8 20. h4 Qc7 21. Bf3 Nb4 22. Nxb4 Bxb4 23. Qe3 Qe7 24. Kg2 Rd7 25. Bc3 Rad8 26. c5 Bxc3 27. Qxc3 Ra8 28. Ra1 Rdd8 29. e3 Rdb8 30. Rdc1 b6 31. Bd1 e5 32. cxb6 Rxb6 33. dxe5 Be4+ 34. f3 Bf5 35. Qc5 Qd8 36. Qd6 Qe8 37. g4 Bd7 38. f4 Rd8 39. Qc5 Rb4 40. Qxa5 Rdb8 41. Qc5 h5 42. a5 Bxg4 43. Bxg4 hxg4 44. a6 Qd8 45. a7 Qxh4 46. Rh1 Qd8 47. Qxb4 1-0


[Site "https://www.chess.com"]

[Event "Titled Tuesday Blitz December 06 Late 2022"]
[White "Ansh M Shah"]
[Black "Reprintsev, Alexander"]
[WhiteFideId "25033379"]
[BlackFideId "14100541"]
[WhiteElo "2084"]
[BlackElo "2230"]
[Result "0-1"]
[Round "06"]
[TimeControl "180+1"]
[Date "2022.12.07"]
[WhiteClock "0:01:11"]
[BlackClock "0:01:48"]

1. d4 d5 2. c4 e5 3. dxe5 d4 4. Nf3 Nc6 5. a3 g6 6. e3 Bg4 7. exd4 Bxf3 8. Qxf3 Nxd4 9. Qe4 Nb3 10. Qxb7 Rb8 11. Qxa7 Nxa1 12. Nc3 Nc2+ 13. Ke2 Nd4+ 14. Ke1 Nc6 15. Qa4 Qd7 16. c5 Bxc5 17. Bb5 Nge7 18. Ke2 Nd4+ 19. Ke1 Nxb5 0-1


[Site "https://www.chess.com"]

[Event "Titled Tuesday Blitz December 06 Late 2022"]
[White "Arbunic Castro, Giovanna"]
[Black "Rian, Kapriaga"]
[WhiteFideId "3400549"]
[BlackFideId "7103263"]
[WhiteElo "1933"]
[BlackElo "2249"]
[Result "0-1"]
[Round "06"]
[TimeControl "180+1"]
[Date "2022.12.07"]
[WhiteClock "0:01:03"]
[BlackClock "0:01:56"]

1. e4 c6 2. d4 d5 3. e5 c5 4. dxc5 e6 5. Qg4 Nd7 6. Bb5 Ne7 7. f4 Qa5+ 8. Nc3 d4 9. b4 Qxb4 10. Bxd7+ Bxd7 11. Rb1 Qxc3+ 12. Bd2 Qxc2 13. Rxb7 Bc6 14. Rb3 Qxa2 15. Rd3 Qb1+ 16. Ke2 Bb5 0-1


[Site "https://www.chess.com"]

[Event "Titled Tuesday Blitz December 06 Late 2022"]
[White "Ardila, Oscar Humberto"]
[Black "Kim, Sergey"]
[WhiteFideId "4404742"]
[BlackFideId "13700570"]
[WhiteElo "1961"]
[BlackElo "2581"]
[Result "0-1"]
[Round "06"]
[TimeControl "180+1"]
[Date "2022.12.07"]
[WhiteClock "0:00:50"]
[BlackClock "0:01:47"]

1. d4 Nf6 2. c4 g6 3. Nc3 Bg7 4. Nf3 d6 5. e3 O-O 6. Be2 Nbd7 7. O-O e5 8. Qc2 Re8 9. Re1 e4 10. Nd2 Qe7 11. Nd5 Nxd5 12. cxd5 Nf6 13. Bc4 a6 14. b4 Bf5 15. a4 h5 16. Ba3 h4 17. h3 Qd7 18. Kh2 g5 19. Be2 g4 20. hxg4 Bxg4 21. Nf1 Nxd5 22. Rac1 c6 23. Bxg4 Qxg4 24. Qe2 Qg5 25. g3 Re6 26. Kg1 Rg6 27. Kg2 Re8 28. b5 axb5 29. axb5 cxb5 30. Qxb5 Nxe3+ 31. Nxe3 Qxb5 0-1


[Site "https://www.chess.com"]

[Event "Titled Tuesday Blitz December 06 Late 2022"]
[White "Arnold, Ken"]
[Black "Pinheiro, Iung Alicio de O."]
[WhiteFideId "2056836"]
[BlackFideId "2104350"]
[WhiteElo "2416"]
[BlackElo "2283"]
[Result "0-1"]
[Round "06"]
[TimeControl "180+1"]
[Date "2022.12.07"]
[WhiteClock "0:00:13"]
[BlackClock "0:00:44"]

1. d4 Nf6 2. Nf3 g6 3. Bf4 d6 4. e3 Nh5 5. Bg3 Bg7 6. Be2 Nxg3 7. hxg3 Nd7 8. c3 e5 9. Nbd2 Qe7 10. Qb3 e4 11. Nh2 h5 12. Qc2 Nf6 13. O-O-O Bf5 14. Rdf1 O-O 15. Qd1 Qe6 16. Qb3 d5 17. Kb1 b5 18. Qxb5 Rab8 19. Qa5 Rb6 20. Nb3 Rfb8 21. Kc2 Bf8 22. Rc1 Qc6 23. Nf1 Bb4 24. Qxa7 Ra8 25. Qxa8+ Qxa8 26. cxb4 Rxb4 27. a3 Rb6 28. Nc5 Nd7 29. Nxd7 Bxd7 30. Nd2 Qa4+ 31. Kb1 Qxa3 32. b3 Ba4 33. Rc3 Bxb3 34. Nxb3 Rxb3+ 35. Rxb3 Qxb3+ 36. Kc1 Qc3+ 37. Kb1 Qd2 0-1


[Site "https://www.chess.com"]

[Event "Titled Tuesday Blitz December 06 Late 2022"]
[White "Averjanov, Alexey"]
[Black "Moksh Amit Doshi"]
[WhiteFideId "14109867"]
[BlackFideId "25064967"]
[WhiteElo "2657"]
[BlackElo "2524"]
[Result "1/2-1/2"]
[Round "06"]
[TimeControl "180+1"]
[Date "2022.12.07"]
[WhiteClock "0:02:13"]
[BlackClock "0:01:21"]

1. d4 Nf6 2. c4 e6 3. Nf3 d5 4. e3 a6 5. Nbd2 c5 6. dxc5 Bxc5 7. a3 O-O 8. b4 Bd6 9. Bb2 Nc6 10. Rc1 Qe7 11. Be2 Bd7 12. O-O Rfd8 13. Qb3 Rac8 14. Rfd1 h6 15. h3 Bb8 16. Ba1 Be8 17. cxd5 Nxd5 18. Ne4 Ba7 19. Nc5 Bxc5 20. Rxc5 1/2-1/2


[Site "https://www.chess.com"]

[Event "Titled Tuesday Blitz December 06 Late 2022"]
[White "Barria Zuniga, Daniel"]
[Black "Pham, Khoi"]
[WhiteFideId "3400816"]
[BlackFideId "1054988"]
[WhiteElo "2656"]
[BlackElo "2497"]
[Result "0-1"]
[Round "06"]
[TimeControl "180+1"]
[Date "2022.12.07"]
[WhiteClock "0:00:02"]
[BlackClock "0:00:01"]

1. d4 f5 2. g3 Nf6 3. Bg2 g6 4. Nf3 Bg7 5. O-O O-O 6. c4 d6 7. b4 e5 8. e3 e4 9. Nfd2 a5 10. b5 c6 11. a4 d5 12. Nc3 g5 13. Ba3 Rf7 14. bxc6 bxc6 15. cxd5 cxd5 16. Nb5 Be6 17. f3 Na6 18. fxe4 fxe4 19. Nd6 Rc7 20. Nf5 Bxf5 21. Rxf5 Rc3 22. Rxg5 Rxe3 23. Qf1 Rd3 24. Qf4 Qb6 25. Kh1 Qxd4 26. Rf1 Rxd2 27. Be7 Nd7 28. Qf7+ Kh8 29. Bh3 Nac5 30. Rh5 Nf8 31. Rg5 Rd1 32. Rxg7 Rxf1+ 33. Bxf1 Qxg7 34. Bf6 Nfe6 35. Bxg7+ Nxg7 36. Qxd5 Rc8 37. Bh3 Re8 38. Qxc5 e3 39. Bg4 e2 40. Bxe2 Rxe2 41. Qxa5 h6 42. Qb5 Re1+ 43. Kg2 Ne6 44. a5 Nd4 45. Qb8+ Kg7 46. Qb7+ Kf6 47. a6 Re2+ 48. Kf1 Ra2 49. a7 Nf5 50. Qc6+ Kg5 0-1


[Site "https://www.chess.com"]

[Event "Titled Tuesday Blitz December 06 Late 2022"]
[White "Bas Mas, Jose Joaquin"]
[Black "Papp, Levente"]
[WhiteFideId "22219064"]
[BlackFideId "751243"]
[WhiteElo "2233"]
[BlackElo "2380"]
[Result "0-1"]
[Round "06"]
[TimeControl "180+1"]
[Date "2022.12.07"]
[WhiteClock "0:01:35"]
[BlackClock "0:01:34"]

1. e4 e6 2. Nf3 d5 3. e5 b6 4. a3 Ba6 5. d3 c5 6. Be2 Nc6 7. O-O Nge7 8. b4 Ng6 9. Nc3 Ncxe5 10. d4 Nxf3+ 11. Bxf3 Bxf1 12. Qxf1 cxd4 13. Nb5 Be7 14. Bb2 O-O 15. Nxd4 Rc8 16. Qa6 e5 17. Nf5 Rxc2 18. Rb1 Qc8 19. Qd3 Rxb2 0-1


[Site "https://www.chess.com"]

[Event "Titled Tuesday Blitz December 06 Late 2022"]
[White "Bazeev, German"]
[Black "Alex_Sahakyan2006"]
[WhiteFideId "24119350"]
[WhiteElo "2501"]
[BlackElo "2683"]
[Result "1-0"]
[Round "06"]
[TimeControl "180+1"]
[Date "2022.12.06"]
[WhiteClock "0:00:32"]
[BlackClock "0:00:14"]

1. d4 Nf6 2. Nf3 g6 3. c4 Bg7 4. Nc3 O-O 5. Bg5 d6 6. e3 c5 7. Be2 Nc6 8. d5 Na5 9. Nd2 a6 10. a4 e6 11. O-O h6 12. Bh4 exd5 13. cxd5 Qb6 14. Qc1 Re8 15. Nc4 Nxc4 16. Bxc4 Ne4 17. Bd3 Nxc3 18. bxc3 Qa5 19. c4 Bd7 20. Rb1 Rab8 21. Bg3 Be5 22. f4 Bg7 23. f5 Rxe3 24. fxg6 Rxd3 25. gxf7+ Kh8 26. Bxd6 Rf8 27. Bxf8 Bxf8 28. Rxb7 Bc8 29. Rb8 Qc7 30. Qf4 Qd7 31. Rb6 Kh7 32. Qe4+ 1-0


[Site "https://www.chess.com"]

[Event "Titled Tuesday Blitz December 06 Late 2022"]
[White "Bilan, Danila"]
[Black "Guzman Moneo, Alberto"]
[WhiteFideId "24161918"]
[BlackFideId "2209616"]
[WhiteElo "2182"]
[BlackElo "2157"]
[Result "1-0"]
[Round "06"]
[TimeControl "180+1"]
[Date "2022.12.07"]
[WhiteClock "0:00:03"]
[BlackClock "0:00:25"]

1. d4 Nf6 2. Nf3 c5 3. e3 cxd4 4. exd4 d5 5. Bd3 Bg4 6. c3 Nc6 7. h3 Bxf3 8. Qxf3 e6 9. Bg5 Be7 10. Nd2 O-O 11. O-O e5 12. dxe5 Nxe5 13. Qf5 Nxd3 14. Qxd3 h6 15. Bxf6 Bxf6 16. Nf3 Qb6 17. Qd2 Rad8 18. Rad1 Rd6 19. Rfe1 Rfd8 20. Nd4 Bxd4 21. cxd4 Re6 22. Rxe6 Qxe6 23. Re1 Qc6 24. Re7 Re8 25. Rxe8+ Qxe8 26. Qa5 Qe4 27. Qxa7 Qe1+ 28. Kh2 Qxf2 29. Qb8+ Kh7 30. Qxb7 Qf4+ 31. Kg1 Qxd4+ 32. Kh2 Qf4+ 33. Kg1 d4 34. Qb3 f5 35. Qc2 Qe5 36. a4 h5 37. b4 h4 38. Qf2 g5 39. Qd2 f4 40. b5 Kh6 41. Qd3 Qe1+ 42. Kh2 Qg3+ 43. Qxg3 hxg3+ 44. Kg1 g4 45. b6 gxh3 46. b7 f3 47. gxf3 d3 48. b8=Q d2 49. Qd6+ Kh5 50. Qxd2 Kh4 51. Qf4+ 1-0


[Site "https://www.chess.com"]

[Event "Titled Tuesday Blitz December 06 Late 2022"]
[White "Bongo Akanga Ndjila, Barthelemy"]
[Black "Tirelli, Mauro"]
[WhiteFideId "10609431"]
[BlackFideId "845353"]
[WhiteElo "1768"]
[BlackElo "2152"]
[Result "1/2-1/2"]
[Round "06"]
[TimeControl "180+1"]
[Date "2022.12.07"]
[WhiteClock "0:01:02"]
[BlackClock "0:01:42"]

1. d4 d5 2. c4 c6 3. Nc3 e6 4. Nf3 f5 5. g3 Nf6 6. Bg2 Bd6 7. O-O O-O 8. b3 Qe7 9. Ne5 Nbd7 10. f4 Ne4 11. Bb2 Nxe5 12. fxe5 Bc7 13. e3 Bd7 14. Qe2 a5 15. Rad1 Be8 16. g4 Bg6 17. gxf5 Bxf5 18. Kh1 Rf7 19. Nxe4 Bxe4 20. Bxe4 dxe4 21. Rxf7 Qxf7 22. Rf1 Qg6 23. Rg1 Qf5 24. Rf1 Qg5 25. Rg1 Qh4 26. Rg4 Qh3 27. Rxe4 Rf8 28. Rf4 Bd8 29. Rxf8+ Kxf8 30. Ba3+ Ke8 31. Qf2 Kd7 32. Kg1 Qg4+ 33. Qg2 Qd1+ 34. Qf1 Qg4+ 35. Qg2 Qd1+ 36. Qf1 Qg4+ 37. Qg2 1/2-1/2


[Site "https://www.chess.com"]

[Event "Titled Tuesday Blitz December 06 Late 2022"]
[White "Bortnyk, Olexandr"]
[Black "Kravtsiv, Martyn"]
[WhiteFideId "14120828"]
[BlackFideId "14113147"]
[WhiteElo "2723"]
[BlackElo "2695"]
[Result "1-0"]
[Round "06"]
[TimeControl "180+1"]
[Date "2022.12.06"]
[WhiteClock "0:02:10"]
[BlackClock "0:00:08"]

1. d4 d5 2. Nc3 Nf6 3. Bf4 e6 4. Nb5 Na6 5. e3 Be7 6. Nf3 O-O 7. Ne5 Ne4 8. f3 Nd6 9. Nxd6 cxd6 10. Nd3 f6 11. Be2 e5 12. Bg3 Nc7 13. O-O b6 14. c3 Bb7 15. Qb3 Kh8 16. a4 e4 17. Nf4 g5 18. Nh5 Qe8 19. f4 Bc6 20. a5 b5 21. a6 Rb8 22. fxg5 fxg5 23. Rxf8+ Qxf8 24. Rf1 Qh6 25. Qb4 Nxa6 26. Qa3 Rb6 27. Be5+ Kg8 28. Nf6+ Bxf6 29. Rxf6 b4 30. Qa1 Qg7 31. Rxd6 Qb7 32. Rd8+ Kf7 33. Qf1+ 1-0


[Site "https://www.chess.com"]

[Event "Titled Tuesday Blitz December 06 Late 2022"]
[White "Bryant, Todd"]
[Black "Ferreira, Vitor Hugo Vieira"]
[WhiteFideId "2031299"]
[BlackFideId "2119765"]
[WhiteElo "2320"]
[BlackElo "2146"]
[Result "0-1"]
[Round "06"]
[TimeControl "180+1"]
[Date "2022.12.07"]
[WhiteClock "0:00:02"]
[BlackClock "0:01:26"]

1. e4 c6 2. Nf3 d5 3. d3 Bg4 4. h3 Bh5 5. g4 Bg6 6. e5 e6 7. Bg2 h5 8. Bg5 Qb6 9. Nbd2 hxg4 10. hxg4 Rxh1+ 11. Bxh1 Nh6 12. Nh4 Bc5 13. Qf3 Bh7 14. Bxh6 gxh6 15. Qf6 Nd7 16. Qh8+ Nf8 17. O-O-O O-O-O 18. f4 Bd4 19. c3 Bf2 20. Ndf3 Qe3+ 21. Kc2 Qe2+ 22. Rd2 Bxd3+ 23. Kb3 Bc4+ 24. Kc2 Qe4+ 25. Kc1 Be3 26. Bg2 Qxf4 27. Qf6 Bxd2+ 28. Nxd2 Qxg4 29. Bf3 Qg1+ 30. Kc2 Ng6 31. Nxg6 Qxg6+ 32. Qxg6 fxg6 33. Bg4 Kd7 34. b3 Ba6 35. Nf3 Ke7 36. Nd4 Rf8 37. Bxe6 c5 0-1


[Site "https://www.chess.com"]

[Event "Titled Tuesday Blitz December 06 Late 2022"]
[White "Calcada, Lucas Galvan"]
[Black "Silva, Pedro Gil Ferreira Da"]
[WhiteFideId "22746099"]
[BlackFideId "1946102"]
[WhiteElo "1523"]
[BlackElo "2241"]
[Result "1-0"]
[Round "06"]
[TimeControl "180+1"]
[Date "2022.12.07"]
[WhiteClock "0:00:08"]
[BlackClock "0:00:41"]

1. e4 c5 2. Nf3 e6 3. d4 cxd4 4. Nxd4 a6 5. Bd3 Nf6 6. O-O Qc7 7. Kh1 Be7 8. f4 d6 9. Nc3 O-O 10. Nb3 Nbd7 11. Qe2 b6 12. Bd2 Bb7 13. Rae1 Rad8 14. e5 dxe5 15. fxe5 Nd5 16. Nxd5 Bxd5 17. c4 Bb7 18. Bc3 b5 19. cxb5 axb5 20. Bxb5 Nb6 21. a4 Qb8 22. Na5 Nd5 23. Nxb7 Qxb7 24. Rd1 Rc8 25. Bd4 Bc5 26. Ba6 Qb6 27. a5 Qxa5 28. Bxc8 Bxd4 29. Rxd4 Rxc8 30. Qf2 Rc7 31. Qd2 Qxd2 32. Rxd2 Kf8 33. Rb1 Nb4 34. h3 Ke7 35. Rd4 Nc2 36. Re4 Rb7 37. b4 Na3 38. Rb3 Nb5 39. Rc4 f5 40. Rc5 g5 41. Kh2 h5 42. Rc8 Nc7 43. Rh8 h4 44. Rg8 Kd7 45. Rxg5 Kc6 46. Rg7 Nd5 47. Rxb7 Kxb7 48. b5 Kb6 49. Kg1 Kc5 50. Kf2 Kc4 51. Rb1 Nb6 52. Kf3 Kd5 53. Kf4 Kd4 54. Rc1 Nd5+ 55. Kg5 Kxe5 56. Kxh4 Kd6 57. Rb1 e5 58. Kg5 e4 59. b6 1-0


[Site "https://www.chess.com"]

[Event "Titled Tuesday Blitz December 06 Late 2022"]
[White "Christiansen, Johan-Sebastian"]
[Black "Godzwon, Iwo"]
[WhiteFideId "1512668"]
[BlackFideId "21802483"]
[WhiteElo "2501"]
[BlackElo "2284"]
[Result "1-0"]
[Round "06"]
[TimeControl "180+1"]
[Date "2022.12.06"]
[WhiteClock "0:00:56"]
[BlackClock "0:01:30"]

1. e4 c5 2. Nf3 e6 3. g3 Nc6 4. d4 cxd4 5. Nxd4 Qc7 6. Bg2 Nf6 7. Nb5 Qb8 8. Bf4 e5 9. Bg5 a6 10. N5c3 Be7 11. Bxf6 Bxf6 12. Nd5 Bd8 13. O-O d6 14. Nd2 O-O 15. Nc4 b5 16. Nce3 Be6 17. c3 Ne7 18. Qd2 Nxd5 19. Nxd5 Bb6 20. a4 bxa4 21. Rxa4 Qb7 22. Rd1 Rfd8 23. h4 a5 24. h5 h6 25. Rda1 Rdb8 26. Nxb6 Qxb6 27. b4 Bg4 28. Rxa5 Rxa5 29. bxa5 Qc6 30. a6 Bxh5 31. a7 Ra8 32. Qb2 Bg6 33. Qb8+ Kh7 34. Kh2 Bxe4 35. Qxa8 Qxa8 36. Bxe4+ Qxe4 37. a8=Q Qe2 38. Qg2 e4 39. Kg1 f5 40. Qf1 Qb2 41. Qc1 Qe2 42. Qe3 Qb5 43. Rd1 1-0


[Site "https://www.chess.com"]

[Event "Titled Tuesday Blitz December 06 Late 2022"]
[White "D`Arruda, Ricardo D."]
[Black "Fernandez De La Vara, Arnaldo"]
[WhiteFideId "100692"]
[BlackFideId "3518388"]
[WhiteElo "2466"]
[BlackElo "2387"]
[Result "0-1"]
[Round "06"]
[TimeControl "180+1"]
[Date "2022.12.07"]
[WhiteClock "0:00:07"]
[BlackClock "0:00:03"]

1. d4 c5 2. d5 Nf6 3. Nc3 a6 4. e4 d6 5. f4 b5 6. e5 b4 7. exf6 bxc3 8. bxc3 gxf6 9. Nf3 f5 10. c4 Bg7 11. Rb1 Nd7 12. Bd3 Nb6 13. Bd2 Na4 14. O-O Nc3 15. Bxc3 Bxc3 16. Qe2 O-O 17. Nh4 e6 18. Qh5 Bf6 19. Rf3 Bxh4 20. Rh3 Qf6 21. Rxh4 Qg6 22. Qf3 Bd7 23. Rh3 Kh8 24. Rb7 Rfd8 25. dxe6 Bxe6 26. Qe3 Rab8 27. Rxb8 Rxb8 28. Qd2 Qf6 29. Kf2 Qd4+ 30. Ke2 Bxc4 31. Bxc4 Re8+ 32. Re3 Qxc4+ 33. Kf3 Qf1+ 34. Kg3 Rg8+ 35. Kh3 Rg6 36. Qc3+ f6 37. Re8+ Kg7 38. Qf3 Qxf3+ 39. gxf3 Kf7 40. Ra8 Ke6 41. Rxa6 Rg1 42. a4 Rc1 43. a5 Rxc2 44. Ra8 Ra2 45. a6 Kd5 46. Kg3 c4 47. a7 Kd4 48. Rd8 Rxa7 49. Rxd6+ Kc5 50. Rxf6 c3 51. Rxf5+ Kc4 52. Rf8 Rc7 53. Re8 c2 54. Re1 Kd3 55. f5 c1=Q 56. Rxc1 Rxc1 57. Kf4 Rh1 0-1


[Site "https://www.chess.com"]

[Event "Titled Tuesday Blitz December 06 Late 2022"]
[White "Da Silva Junior, Sediney Mari"]
[Black "Rastbod, Ali"]
[WhiteFideId "2132079"]
[BlackFideId "12567477"]
[WhiteElo "2400"]
[BlackElo "2631"]
[Result "1-0"]
[Round "06"]
[TimeControl "180+1"]
[Date "2022.12.07"]
[WhiteClock "0:01:51"]
[BlackClock "0:00:09"]

1. e4 d5 2. exd5 Qxd5 3. Nc3 Qd6 4. d4 Nf6 5. Bg5 h6 6. Bxf6 gxf6 7. Nf3 Rg8 8. Qe2 Nc6 9. O-O-O Bf5 10. d5 Ne5 11. Nxe5 Qxe5 12. Qb5+ Bd7 13. Qxb7 Rd8 14. g3 h5 15. Bb5 Bh6+ 16. Kb1 Qd6 17. Bxd7+ Rxd7 18. Nb5 Qb6 19. Qa8+ Rd8 20. Qc6+ Qxc6 21. dxc6 e6 22. Rxd8+ Kxd8 23. Rd1+ Kc8 24. Nxa7+ Kb8 25. Nb5 Re8 26. Rd7 e5 27. Rxc7 e4 28. Rb7+ 1-0


[Site "https://www.chess.com"]

[Event "Titled Tuesday Blitz December 06 Late 2022"]
[White "Dardha, Daniel"]
[Black "Maksimovic, Bojan"]
[WhiteFideId "240990"]
[BlackFideId "14408120"]
[WhiteElo "2528"]
[BlackElo "2462"]
[Result "1-0"]
[Round "06"]
[TimeControl "180+1"]
[Date "2022.12.06"]
[WhiteClock "0:01:11"]
[BlackClock "0:00:27"]

1. d4 Nf6 2. Bg5 g6 3. Bxf6 exf6 4. e3 d5 5. g3 h5 6. Nf3 c6 7. Bg2 Bd6 8. Nbd2 Be6 9. Qe2 g5 10. h4 Nd7 11. O-O g4 12. Ne1 f5 13. c4 Nf6 14. cxd5 Nxd5 15. Nd3 O-O 16. Nc4 Bc7 17. Nc5 Bc8 18. Rac1 Re8 19. Qc2 b6 20. Nd3 Ba6 21. Rfe1 Rc8 22. Nde5 Qf6 23. a3 Bxc4 24. Nxc4 f4 25. exf4 Qxd4 26. Red1 Qf6 27. Bxd5 cxd5 28. Rxd5 b5 29. Ne3 Kg7 30. Rg5+ Kf8 31. Nd5 Qd6 32. Nxc7 Re7 33. Ne6+ Qxe6 34. Qxc8+ Re8 35. Qxe6 Rxe6 36. Rxb5 Ke7 37. Re5 f5 38. Rxe6+ Kxe6 39. Rc6+ Kd5 40. Ra6 Ke4 41. Rxa7 Kf3 42. Rh7 Ke2 43. Rxh5 Kf3 44. Rg5 Ke2 45. Rxg4 Kf3 46. Rg5 Ke2 47. h5 Kf3 48. h6 Ke2 49. h7 Kf3 50. h8=N Ke2 51. Rg6 Kf3 52. a4 Ke2 53. a5 Kf3 54. a6 Ke2 55. a7 Kf3 56. a8=Q+ Ke2 57. Qf3+ Kxf3 58. Re6 Kg4 59. Kg2 Kh5 60. Nf7 Kg4 61. Ne5+ Kh5 62. Rh6+ Kxh6 63. b4 Kg7 64. b5 Kf6 65. b6 Kg7 66. b7 Kh6 67. b8=Q Kh5 68. Qh8# 1-0


[Site "https://www.chess.com"]

[Event "Titled Tuesday Blitz December 06 Late 2022"]
[White "Dimitrov, Atanas"]
[Black "Corrales Jimenez, Fidel"]
[WhiteFideId "2901315"]
[BlackFideId "3506690"]
[WhiteElo "2610"]
[BlackElo "2541"]
[Result "0-1"]
[Round "06"]
[TimeControl "180+1"]
[Date "2022.12.06"]
[WhiteClock "0:01:12"]
[BlackClock "0:01:26"]

1. e4 c5 2. Nf3 d6 3. d4 cxd4 4. Nxd4 Nf6 5. Nc3 a6 6. g3 e5 7. Nde2 Be7 8. Bg2 O-O 9. h3 b5 10. Be3 Bb7 11. g4 Nbd7 12. Ng3 b4 13. Nd5 Nxd5 14. exd5 g6 15. Qd3 a5 16. O-O Ba6 17. Qd2 Bxf1 18. Rxf1 f5 19. f4 e4 20. gxf5 gxf5 21. Kh2 Bh4 22. Ne2 Kh8 23. Nd4 Qe7 24. Qe2 Rf7 25. Qh5 Nf6 26. Qxf5 Rg8 27. Nc6 Qf8 28. Bd4 Qg7 29. Rg1 e3 30. Qe6 Bf2 0-1


[Site "https://www.chess.com"]

[Event "Titled Tuesday Blitz December 06 Late 2022"]
[White "Domingo Nunez, Ruben"]
[Black "Quesada Perez, Yuniesky"]
[WhiteFideId "22245570"]
[BlackFideId "3504409"]
[WhiteElo "2406"]
[BlackElo "2600"]
[Result "0-1"]
[Round "06"]
[TimeControl "180+1"]
[Date "2022.12.06"]
[WhiteClock "0:00:34"]
[BlackClock "0:00:39"]

1. d4 d5 2. g3 Nf6 3. Bg2 Bf5 4. Nf3 e6 5. O-O c6 6. Re1 Nbd7 7. c3 Bd6 8. Nh4 O-O 9. Nd2 Re8 10. f3 Bg6 11. Nxg6 hxg6 12. f4 c5 13. e3 b5 14. a4 a6 15. b3 Qb6 16. Kh1 b4 17. a5 Qa7 18. c4 cxd4 19. Nf3 dxe3 20. Bxe3 Bc5 21. Bxc5 Nxc5 22. Ng5 Rad8 23. Qd4 Qc7 24. cxd5 Nxb3 25. Qxb4 Nxa1 26. dxe6 Nc2 27. Qb6 Qxb6 28. exf7+ Kf8 29. Rxe8+ Nxe8 30. axb6 Rd1+ 31. Bf1 Rxf1+ 32. Kg2 Ne3+ 33. Kh3 Nd6 0-1


[Site "https://www.chess.com"]

[Event "Titled Tuesday Blitz December 06 Late 2022"]
[White "Ehlvest, Jaan"]
[Black "Khandelwal, Ankush"]
[WhiteFideId "4500016"]
[BlackFideId "413470"]
[WhiteElo "2655"]
[BlackElo "2468"]
[Result "0-1"]
[Round "06"]
[TimeControl "180+1"]
[Date "2022.12.07"]
[WhiteClock "0:00:26"]
[BlackClock "0:00:13"]

1. e4 c5 2. Nf3 d6 3. Bb5+ Nd7 4. a4 Nf6 5. Nc3 a6 6. Be2 g6 7. a5 Bg7 8. O-O O-O 9. d3 b5 10. axb6 Nxb6 11. Bg5 h6 12. Be3 Bb7 13. h3 a5 14. Qd2 Kh7 15. b3 Bc6 16. e5 Nfd5 17. Ne4 Nxe3 18. Qxe3 Nd5 19. Qd2 dxe5 20. Nxc5 Qb6 21. Na4 Qb7 22. Rab1 Nf4 23. Rfe1 Nxh3+ 24. gxh3 Bxf3 25. Bxf3 Qxf3 26. Qe3 Qh5 27. Nb6 Rad8 28. Nc4 Rd5 29. Ra1 f5 30. Rxa5 Rxa5 31. Nxa5 f4 32. Qe4 Qxh3 33. Qg2 Qh5 34. Qh2 Qg4+ 35. Qg2 Qc8 36. Nc4 Rf5 37. Kf1 f3 38. Qg4 Qf8 39. Re3 Rf4 40. Qh3 Qf6 41. Nxe5 g5 42. Qd7 g4 43. Nxg4 Qh4 44. Ke1 Bc3+ 45. Kf1 Qh1# 0-1


[Site "https://www.chess.com"]

[Event "Titled Tuesday Blitz December 06 Late 2022"]
[White "Erzhanov, Arman"]
[Black "Hernandez Jimenez, Alexander Andres"]
[WhiteFideId "4138821"]
[BlackFideId "3900452"]
[WhiteElo "2176"]
[BlackElo "2098"]
[Result "1-0"]
[Round "06"]
[TimeControl "180+1"]
[Date "2022.12.07"]
[WhiteClock "0:02:15"]
[BlackClock "0:01:13"]

1. e4 c5 2. Nf3 d6 3. d4 cxd4 4. Qxd4 Nc6 5. Bb5 Bd7 6. Bxc6 Bxc6 7. Nc3 Nf6 8. Bg5 e6 9. O-O-O Be7 10. Qd3 Qc7 11. Nd4 Rc8 12. f4 a6 13. f5 e5 14. Nxc6 Qxc6 15. Bxf6 Bxf6 16. Nd5 Bg5+ 17. Kb1 Qc4 18. h4 Bh6 19. g4 f6 20. Rhg1 Qxd3 21. Rxd3 Bf4 22. Nxf4 exf4 23. Rxd6 Rc4 24. Re6+ Kf7 25. Rd1 Rc7 26. Kc1 h5 27. g5 fxg5 28. hxg5 h4 29. g6+ 1-0


[Site "https://www.chess.com"]

[Event "Titled Tuesday Blitz December 06 Late 2022"]
[White "Estrada Nieto, Julian"]
[Black "Freile Martin, Javier"]
[WhiteFideId "5101018"]
[BlackFideId "3600165"]
[WhiteElo "2195"]
[BlackElo "2340"]
[Result "0-1"]
[Round "06"]
[TimeControl "180+1"]
[Date "2022.12.07"]
[WhiteClock "0:00:23"]
[BlackClock "0:00:09"]

1. e4 c5 2. Nf3 d6 3. d4 cxd4 4. Qxd4 Nf6 5. Nc3 e6 6. Bg5 Be7 7. Bb5+ Bd7 8. O-O-O Nc6 9. Bxc6 Bxc6 10. Rhe1 O-O 11. Kb1 Qa5 12. Qd2 Qc7 13. Nd4 a6 14. f3 Rfc8 15. g4 Be8 16. Nce2 b5 17. Ng3 Rab8 18. Nh5 Nxh5 19. gxh5 Bxg5 20. Qxg5 Qc5 21. e5 dxe5 22. h6 g6 23. Rxe5 Qf8 24. Ree1 Rc5 25. Qf4 Rbc8 26. c3 Rh5 27. Re5 Qxh6 28. Qxh6 Rxh6 29. Rd2 Rh4 30. a4 Rb8 31. a5 Kg7 32. Rc5 b4 33. c4 b3 34. Rc7 e5 35. Ne6+ Kf6 36. Nc5 Rxc4 37. Ne4+ Rxe4 38. Rc4 Rxc4 39. Rd6+ Ke7 40. Rxa6 Rbc8 41. Ra7+ Kf8 0-1


[Site "https://www.chess.com"]